Map: Lightshade LE

Players

Rex

  • Race: Zerg Zerg

Has - Winner!

  • Race: Protoss Protoss

VOD

Have the link to the VOD?

Description

Time

  • Played on: Sept. 29, 2021, 8:26 a.m.
  • Length: 6:50
Show
View Real Time Build Order
Export as new Build Order

Rex Zerg 

Build Orders: Hatch First 

Get SALT Encoding   

  12  0:00  Drone  
  13  0:12  Overlord  
  13  0:17  Drone  
  14  0:31  Drone x2  
  16  0:47  Hatchery  
  15  0:52  Drone  
  15  0:55  Drone  
  17  0:58  Drone  
  18  1:09  Extractor  
  17  1:14  Spawning Pool  
  17  1:17  Drone  
  17  1:19  Drone  
  18  1:29  Drone  
  19  1:38  Drone  
  20  1:50  Drone  
  21  2:00  Hatchery  
  21  2:08  Queen, Roach Warren  
  21  2:10  Overlord  
  21  2:11  Metabolic Boost  
  22  2:29  Extractor  
  21  2:38  Drone  
  21  2:44  Queen  
  22  2:49  Roach x2  
  28  2:56  Roach  
  30  3:01  Overlord  
  30  3:12  Queen  
  30  3:13  Zergling x2  
  30  3:15  Ravager x2  
  30  3:19  Queen  
  35  3:27  Ravager  
  38  3:28  Zergling x4  
  38  3:32  Roach  
  42  3:35  Zergling x2  
  43  3:48  Zergling x2  
  44  4:03  Queen  
  44  4:05  Zergling x8  
  44  4:08  Zergling x2  
  39  4:14  Zergling x4  
  39  4:17  Ravager  
  39  4:23  Zergling x2  
  39  4:24  Zergling x2  
  41  4:37  Queen  
  31  4:45  Zergling x6  
  31  4:49  Zergling x2  
Show
View Real Time Build Order
Export as new Build Order

Has Protoss - Winner!

Build Orders: Proxy Void Ray 

Get SALT Encoding   

  12  0:00  Probe  
  13  0:12  Probe  
  14  0:18  Pylon  
  14  0:24  Probe  
  15  0:36  Probe (Chrono Boost)  
  15  0:40  Gateway  
  16  0:45  Probe (Chrono Boost)  
  17  0:50  Probe (Chrono Boost)  
  17  0:54  Assimilator  
  18  1:03  Probe  
  19  1:05  Forge  
  19  1:15  Probe  
  20  1:28  Cybernetics Core  
  20  1:30  Probe  
  21  1:37  Pylon  
  21  1:41  Pylon  
  21  1:42  Pylon  
  21  1:45  Pylon  
  21  1:48  Pylon  
  21  1:54  Pylon  
  21  1:57  Photon Cannon  
  21  2:02  Probe  
  21  2:06  Photon Cannon  
  22  2:10  Assimilator  
  22  2:14  Probe  
  23  2:23  Stargate  
  23  2:25  Shield Battery  
  23  2:26  Probe  
  24  2:32  Shield Battery  
  24  2:33  Adept (Chrono Boost)  
  26  2:45  Pylon  
  26  2:52  Shield Battery  
  26  2:58  Void Ray (Chrono Boost)  
  26  3:05  Shield Battery  
  30  3:16  Photon Cannon  
  30  3:25  Void Ray (Chrono Boost)  
  34  3:54  Photon Cannon  
  34  3:55  Void Ray (Chrono Boost), Shield Battery  
  36  4:10  Shield Battery  
  36  4:17  Photon Cannon  
  36  4:32  Shield Battery  
  36  4:39  Pylon  
  37  4:48  Probe  
  37  4:55  Nexus  
Tags
 
Add a new tag
Caveats
  • Supply blocks, unpowered buildings, or Contaminate may cause inaccurate times.
  • Supply counts are checked every 10 seconds.